 Dungeon Crawl Stone Soup version 0.21-a0-536-gdbbf329 (webtiles) character file.

1478 slep the Chopper (level 8, -11/61 HPs)
             Began as a Merfolk Gladiator on Dec 14, 2017.
             Mangled by an orc warrior
             ... wielding a +0 trident
              (19 damage)
             ... on level 6 of the Dungeon on Dec 15, 2017.
             The game lasted 00:19:37 (5245 turns).

slep the Chopper (Merfolk Gladiator)                Turns: 5245, Time: 00:19:38

Health: -11/61     AC:  3    Str: 14    XL:     8   Next: 79%
Magic:  0/7        EV: 17    Int: 11    God:
Gold:   321        SH:  0    Dex: 19    Spells: 7/7 levels left

rFire    + . .     SeeInvis .   a - +0 war axe
rCold    + . .     Gourm    .   (no shield)
rNeg     . . .     Faith    .   L - -2 robe (curse)
rPois    .         Spirit   +   c - +0 helmet
rElec    +         Reflect  .   E - scarf {rC+ rF+}
rCorr    .         Harm     .   K - +0 pair of gloves
MR       +....                  D - +0 pair of boots
Stlth    ++........             t - amulet of guardian spirit
HPRegen  0.20/turn              p - ring of protection from magic
MPRegen  0.10/turn              G - +3 ring of intelligence

@: no status effects
A: change form in water, swift swim, stealthy swim, agile 1, low mp 1, sense
surroundings 1, electricity resistance
a: no special abilities


You were on level 6 of the Dungeon.
You were hungry.

You visited 1 branch of the dungeon, and saw 7 of its levels.

You collected 321 gold pieces.

Inventory:

Hand Weapons
 a - a +0 war axe (weapon)
 s - a +1 trident of venom
Missiles
 l - 10 tomahawks (quivered)
Armour
 b - a +0 leather armour
 c - a +0 helmet (worn)
 D - a +0 pair of boots (worn)
 E - a scarf of resistance (worn)
 I - the +0 ring mail "Mouvuwki" {rPois}
   (You found it on level 6 of the Dungeon)

   It protects you from poison.
 K - a +0 pair of gloves (worn)
 L - a cursed -2 robe (worn)
Jewellery
 p - a ring of protection from magic (left hand)
 t - an amulet of guardian spirit (around neck)
 y - an uncursed ring of protection from cold
 G - a +3 ring of intelligence (right hand)
Scrolls
 g - 9 scrolls of identify {unknown}
 i - 4 scrolls of immolation {unknown}
 j - 2 scrolls of enchant weapon {unknown}
 k - 3 scrolls of amnesia {unknown}
 m - 2 scrolls of remove curse {unknown}
 v - 3 scrolls of teleportation {unknown}
 w - 3 scrolls of magic mapping {unknown}
 x - a scroll of fear {unknown}
Potions
 e - 3 potions of heal wounds
 h - 3 potions of lignification {unknown}
 n - a potion of mutation {unknown}
 o - a potion of berserk rage {unknown}
 q - a potion of curing {unknown}
 r - a potion of resistance {unknown}
 u - a potion of brilliance {unknown}
 A - a potion of invisibility {unknown}
 B - a potion of ambrosia {unknown}
 F - 2 potions of haste {unknown}
 J - a potion of degeneration {unknown}
 M - a potion of cancellation {unknown}
Comestibles
 f - 6 bread rations
 z - 2 meat rations
 C - 11 fruits
 H - 2 royal jellies


   Skills:
 + Level 4.7 Fighting
 + Level 6.9 Axes
 + Level 2.2 Throwing
 + Level 2.6 Armour
 + Level 6.6 Dodging
 + Level 2.2 Stealth


You had 7 spell levels left.
You didn't know any spells.

Dungeon Overview and Level Annotations

Branches:
Dungeon (7/15)
 Temple: D:4-7

Altars:
Kikubaaqudgha
Makhleb
Wu Jian


Innate Abilities, Weirdness & Mutations

You revert to your normal form in water.
You are very nimble and swift while swimming.
You are very stealthy in the water. (Stealth+)
You are agile. (Dex +2)
Your magical capacity is low. (-10% MP)
You passively map a small area around you.
You are resistant to electric shocks. (rElec)


Message History

You slash the orc warrior!
The orc warrior is severely wounded.
The orc warrior struggles against the net.
The net rips apart, and the orc warrior comes free!
You hit the orc warrior but do no damage.
The orc warrior is severely wounded.
The orc warrior closely misses you.
An orc wizard comes into view.
It is wielding a dagger of electrocution.
The orc wizard shouts!
You hit the orc warrior but do no damage.
The orc warrior is severely wounded.
The orc warrior barely misses you.
Throwing (i - inventory. (,) - cycle):
d - a throwing net (quivered)
Press: ? - help, Shift-Dir - straight line, f/p - orc warrior
Aim: an orc warrior, wielding a trident and wearing a plate armour (severely wounded)
You throw a throwing net.
The throwing net closely misses the orc warrior.
The throwing net misses the orc wizard.
The orc warrior hits you with a trident!!
You die...

, , , #. ....(..... , *
** * ##........ *, ,
####...## * * # #...##
* * ,.# #..... , ..#
###... * ####..# #.##
#.####.....# ##.# , *
#(.oo@.....# ##..##
######.##### ##..... ,
, , * #.# #...... ,
##.## ##.....#
#.###...#######..#.#.#
#.................#....
,
#..###...#######.......
# , ##.## #...##.# #.#
#...##.#


You could see an orc warrior and an orc wizard.

Vanquished Creatures
  Sigmund (D:5)
  Menkaure (D:4)
  3 phantoms (D:4)
  2 sky beasts
  An ice beast (D:5)
  An ogre (D:3)
  3 crimson imps (D:5)
  A hound (D:4)
  A gnoll shaman (D:6)
  2 jellies (D:5)
  Jessica (D:3)
  2 orc wizards (D:4)
  A worker ant (D:4)
  A hound skeleton (D:4)
  Robin (D:2)
  6 gnolls
  9 adders
  4 worms
  2 leopard geckos (D:2)
  5 orcs
  11 bats
  A giant cockroach (D:2)
  17 goblins
  8 hobgoblins
  6 jackals
  A quokka (D:6)
  3 ball pythons
  2 frilled lizards
  2 kobolds
  A leopard gecko skeleton (D:5)
  A quokka skeleton (D:5)
  4 rats
105 creatures vanquished.

Notes
Turn   | Place    | Note
-------+----------+-------------------------------------------
     0 | D:1      | slep the Merfolk Gladiator began the quest for the Orb.
     0 | D:1      | Reached XP level 1. HP: 16/16 MP: 1/1
    68 | D:1      | Reached XP level 2. HP: 18/22 MP: 2/2
   409 | D:2      | Noticed Robin
   841 | D:2      | HP: 1/23 [hobgoblin/club[Robin] (1)]
   843 | D:2      | Killed Robin
   843 | D:2      | Reached XP level 3. HP: 26/28 MP: 3/3
  1218 | D:2      | Reached XP level 4. HP: 4/34 MP: 1/4
  1990 | D:3      | Found a burning altar of Makhleb.
  2009 | D:3      | Noticed an ogre
  2134 | D:3      | Noticed Jessica
  2152 | D:3      | Killed Jessica
  2152 | D:3      | Reached XP level 5. HP: 17/41 MP: 2/5
  2369 | D:4      | Reached skill level 1 in Stealth
  2375 | D:4      | Noticed Menkaure
  2398 | D:5      | Entered Level 5 of the Dungeon
  2403 | D:5      | Noticed a sky beast
  2417 | D:5      | Killed a sky beast
  2417 | D:5      | Reached skill level 1 in Armour
  2417 | D:5      | Reached skill level 5 in Dodging
  2417 | D:5      | Reached XP level 6. HP: 42/47 MP: 3/6
  2679 | D:5      | Noticed an ice beast
  2705 | D:5      | Killed an ice beast
  2872 | D:5      | Found an ornate altar of the Wu Jian Council.
  2928 | D:6      | Got a dazzling ring mail
  2954 | D:6      | Identified the +0 ring mail "Mouvuwki" {rPois} (You found it on level 6 of the Dungeon)
  3272 | D:4      | Noticed a phantom
  3282 | D:5      | Noticed Sigmund
  3314 | D:4      | Killed a phantom
  3314 | D:4      | Reached XP level 7. HP: 33/53 MP: 4/7
  3357 | D:4      | Reached skill level 5 in Axes
  3889 | D:4      | Reached XP level 8. HP: 60/60 MP: 6/8
  3968 | D:4      | Killed Menkaure
  4718 | D:5      | Killed Sigmund
  4791 | D:5      | Found an ancient bone altar of Kikubaaqudgha.
  4792 | D:5      | Found an ornate altar of the Wu Jian Council.
  5203 | D:6      | Gained mutation: You passively map a small area around you. [mutagenic meat]
  5204 | D:6      | Gained mutation: You are resistant to electric shocks. (rElec) [mutagenic meat]
  5205 | D:6      | Gained mutation: Your magical capacity is low. (-10% MP) [mutagenic meat]
  5206 | D:6      | Gained mutation: You are agile. (Dex +2) [mutagenic meat]
  5245 | D:6      | Mangled by an orc warrior

Vault maps used:
D:1:      dpeg_arrival_windows_large_door
D:2:      uniq_robin
D:3:      lemuel_crystal_altar, uniq_jessica
D:4:      st_stairs_12, uniq_menkaure
D:5:      minitemple, first_bread, basic_altar, uniq_sigmund
D:6:      uniq_edmund, uniq_eustachio
D:7:      temple_statues, serial_bayou, serial_bayou_pond_b,
          serial_bayou_pond_e, serial_bayou_pond_d, serial_bayou_lake_a

Skill      XL: |  1  2  3  4  5  6  7  8 |
---------------+-------------------------+-----
Axes           | 3 4 5 6 |  6.9
Fighting       | 3 4 |  4.7
Stealth        | 1 2 |  2.2
Armour         | 1 2 |  2.6
Dodging        | 5 6 |  6.6
Throwing       | |  2.2

Action                   |  1- 3 |  4- 6 |  7- 9 || total
-------------------------+-------+-------+-------++-------
Melee: War axe           |    79 |   204 |   226 ||   509
Throw: Throwing net      |       |       |     4 ||     4
       Tomahawk          |       |       |     1 ||     1
  Use: Potion            |     1 |       |       ||     1
 Stab: Sleeping          |       |     2 |       ||     2
       Distracted        |       |       |     1 ||     1
       Held in net/web   |       |       |     3 ||     3
  Eat: Chunk             |     1 |     6 |    11 ||    18
Armor: Leather armour    |    26 |    55 |       ||    81
       Ring mail         |       |     9 |    50 ||    59
       Robe              |       |       |     4 ||     4
Dodge: Dodged            |    82 |   155 |   161 ||   398

Table legend:
 A = Spawn XP
 B = Non-spawn XP
 C = Spawn XP percentage of total XP
 D = Spawn monster count
 E = Non-spawn monster count
 F = Spawn count percentage of total count
 G = Total turns spent on level
                    A         B        C        D         E        F      G
               +---------+---------+-------+---------+---------+-------+---------
         Total |       0 |    2112 |   0.0 |       0 |     105 |   0.0 |  5245
               +---------+---------+-------+---------+---------+-------+---------
           D:1 |       0 |      32 |   0.0 |       0 |      18 |   0.0 |   828
           D:2 |       0 |      79 |   0.0 |       0 |      22 |   0.0 |  1228
           D:3 |       0 |     239 |   0.0 |       0 |      23 |   0.0 |   803
           D:4 |       0 |     824 |   0.0 |       0 |      23 |   0.0 |   989
           D:5 |       0 |     725 |   0.0 |       0 |      13 |   0.0 |   659
           D:6 |       0 |     213 |   0.0 |       0 |       6 |   0.0 |   736
               +---------+---------+-------+---------+---------+-------+---------
